 Dungeon Crawl Stone Soup version 0.19.1 (webtiles) character file.

213 Jushak the Ducker (level 5, -3/41 HPs)
             Began as a Demonspawn Ice Elementalist on Dec 25, 2016.
             Slain by Terence
             ... wielding a +0 falchion of holy wrath
              (7 damage)
             ... on level 3 of the Dungeon.
             The game lasted 00:09:47 (2593 turns).

Jushak the Ducker (Demonspawn Ice Elementalist)     Turns: 2593, Time: 00:09:48

Health: -3/41      AC:  2    Str:  8    XL:     5   Next: 59%
Magic:  5/8        EV: 13    Int: 17    God:
Gold:   113        SH:  0    Dex: 14    Spells: 1 memorised, 7 levels left

rFire  . . .     SeeInvis .     f - +3 dagger (elec)
rCold  . . .     Gourm    .     a - +0 robe
rNeg   . . .     Faith    .     (no shield)
rPois  .         Spirit   .     (no helmet)
rElec  .         Reflect  .     (no cloak)
rCorr  .         Harm     .     (no gloves)
MR     .....                    (no boots)
Stlth  ++........               (no amulet)
                                (no ring)
                                (no ring)

@: no status effects
A: hooves 1, powered by death 1, powered by pain 1
a: no special abilities


You were on level 3 of the Dungeon.
You were not hungry.

You visited 1 branch of the dungeon, and saw 3 of its levels.

You collected 113 gold pieces.

Inventory:

Hand Weapons
 f - a +3 dagger of electrocution (weapon)
 j - a +0 dagger of draining
 m - a cursed -2 dagger
Armour
 a - a +0 robe (worn)
Jewellery
 r - an uncursed amulet of magic regeneration {unknown}
Scrolls
 e - a scroll of identify
 g - a scroll of amnesia {unknown}
 i - 4 scrolls of teleportation {unknown}
 o - a scroll of recharging {unknown}
 p - a scroll of remove curse {unknown}
 q - a scroll of blinking {unknown}
Potions
 d - a potion of curing
 n - a potion of cure mutation {unknown}
 s - a potion of flight {unknown}
Books
 b - a book of Frost

   Spells                             Type                      Level
   a - Freeze                         Ice                          1
   b - Throw Frost                    Conjuration/Ice              2
   c - Ozocubu's Armour               Charms/Ice                   3
   d - Throw Icicle                   Conjuration/Ice              4
   e - Summon Ice Beast               Ice/Summoning                4
Comestibles
 c - 2 bread rations
 h - a meat ration
 k - a beef jerky
 l - a slice of pizza


   Skills:
 - Level 3.0 Fighting
 + Level 2.6 Short Blades
 + Level 3.3 Dodging
 - Level 1.7 Stealth
 - Level 2.0 Spellcasting
   Level 1.0 Conjurations
 - Level 2.6 Ice Magic


You had 7 spell levels left.
You knew the following spells:

 Your Spells              Type           Power        Failure   Level  Hunger
a - Freeze                Ice            ##..         10%         1    #......


Dungeon Overview and Level Annotations

Branches:
Dungeon (3/15)

Altars:

Annotations:
D:3 Terence


Innate Abilities, Weirdness & Mutations

You have large cloven feet.
You regenerate a little health from kills.
You sometimes gain a little power by taking damage.


Message History

Aiming: Freeze
Press: ? - help, Shift-Dir - straight line, f/p - Terence
Aim: Terence, wielding a falchion of holy wrath and wearing a chain mail (heavily wounded)
You freeze Terence.
Terence is severely wounded.
Terence hits you with a falchion of holy wrath.
* * * LOW HITPOINT WARNING * * *
You convulse.
* * * LOW HITPOINT WARNING * * *
Casting: Freeze
Confirm with . or Enter, or press ? or * to list all spells.
Aiming: Freeze
Press: ? - help, Shift-Dir - straight line, f/p - Terence
Aim: Terence, wielding a falchion of holy wrath and wearing a chain mail (severely wounded)
You freeze Terence.
Terence is almost dead.
Terence hits you with a falchion of holy wrath.
* * * LOW HITPOINT WARNING * * *
You convulse!
You die...

#.# #.# #.#######.#
+# #.........# .#
#####.##### .# #.#
##.## #.#####
##...#####
#.....######.........
#####...@@.......###.
########.#.#.# #.###
.. #.# ## #.# #.. ###


You could see Terence.

Vanquished Creatures
  Natasha (thrice) (D:2)
  A worker ant (D:3)
  3 adders (D:2)
  2 oozes
  2 worms (D:2)
  3 dart slugs (D:1)
  2 leopard geckos (D:1)
  5 bats
  2 giant cockroaches (D:1)
  11 goblins
  6 hobgoblins
  6 jackals
  A quokka (D:3)
  5 frilled lizards
  10 kobolds
  4 rats
66 creatures vanquished.

Notes
Turn   | Place    | Note
-------+----------+-------------------------------------------
     0 | D:1      | Jushak the Demonspawn Ice Elementalist began the quest for the Orb.
     0 | D:1      | Reached XP level 1. HP: 13/13 MP: 3/3
   344 | D:1      | Reached skill level 1 in Fighting
   397 | D:1      | Gained mutation: You have large cloven feet. [demonic ancestry]
   397 | D:1      | Reached XP level 2. HP: 3/21 MP: 3/5
   812 | D:1      | Gained mutation: You regenerate a little health from kills. [demonic ancestry]
   812 | D:1      | Reached XP level 3. HP: 7/28 MP: 3/6
  1617 | D:2      | Reached skill level 1 in Short Blades
  1709 | D:2      | Reached XP level 4. HP: 35/35 MP: 3/7
  1741 | D:2      | Noticed Terence
  1895 | D:2      | Noticed Natasha
  1903 | D:2      | Killed Natasha
  1955 | D:2      | Noticed Natasha
  1961 | D:2      | Killed Natasha
  1961 | D:2      | Gained mutation: You sometimes gain a little power by taking damage. [demonic ancestry]
  1961 | D:2      | Reached XP level 5. HP: 41/41 MP: 8/8
  1970 | D:2      | Noticed Natasha
  1976 | D:2      | Killed Natasha
  2593 | D:3      | Slain by Terence

Skill      XL: |  1  2  3  4 |
---------------+-------------+-----
Fighting       | 1 2 3 |  3.0
Dodging        | 2 3 |  3.3
Short Blades   | 1 2 |  2.6
Stealth        | |  1.7
Spellcasting   | |  2.0
Conjurations   | |  1.0
Ice Magic      | |  2.6

Action                   |  1- 3 |  4- 6 || total
-------------------------+-------+-------++-------
Melee: Unarmed           |    29 |       ||    29
       Dagger            |    50 |    57 ||   107
       Kick              |     5 |     3 ||     8
 Cast: Freeze            |    33 |    18 ||    51
  Use: Scroll            |     1 |       ||     1
 Stab: Sleeping          |     3 |       ||     3
  Eat: Chunk             |     3 |     3 ||     6
Armor: Robe              |    10 |     5 ||    15
Dodge: Dodged            |    60 |    34 ||    94
